 Dungeon Crawl Stone Soup version 0.25-a0-302-g9f758675c1 (webtiles) character file.

Game seed: 7065639763937347994, levelgen mode: deterministic

135 mopl the Spear-Bearer (level 5, 0/41 HPs)
             Began as a Merfolk Monk on Dec 20, 2019.
             Slain by an orc wizard
             ... wielding a +0 dagger
              (3 damage)
             ... on level 3 of the Dungeon.
             The game lasted 00:03:24 (2102 turns).

mopl the Spear-Bearer (Merfolk Monk)                Turns: 2102, Time: 00:03:25

Health: 0/41       AC:  2    Str: 12    XL:     5   Next: 18%
Magic:  5/5        EV: 14    Int: 10    God:
Gold:   112        SH:  0    Dex: 16    Spells: 4/4 levels left

rFire    . . .     SeeInvis .   a - +0 spear
rCold    . . .     Gourm    .   (no shield)
rNeg     . . .     Faith    .   b - +0 robe
rPois    .         Spirit   .   (no helmet)
rElec    .         Reflect  .   (no cloak)
rCorr    .         Harm     .   (no gloves)
MR       .....                  (no boots)
Stlth    ++........             (no amulet)
HPRegen  0.13/turn              (no ring)
MPRegen  0.09/turn              (no ring)

@: no status effects
A: change form in water, swift swim, stealthy swim
a: no special abilities


You were on level 3 of the Dungeon.
You were not hungry.

You visited 1 branch of the dungeon, and saw 3 of its levels.

You collected 112 gold pieces.

Inventory:

Hand Weapons
 a - a +0 spear (weapon)
Missiles
 k - 7 poisoned darts (quivered)
Armour
 b - a +0 robe (worn)
Scrolls
 e - a scroll of fog {unknown}
 f - a scroll of identify
 i - a scroll of remove curse {unknown}
 j - a scroll of teleportation {unknown}
 l - a scroll of fear {unknown}
Potions
 d - 2 potions of mutation {!q}
 g - a potion of lignification {!q}
 h - a potion of brilliance
 n - 2 potions of heal wounds
Comestibles
 c - 7 rations
 m - 3 chunks of flesh


   Skills:
 - Level 3.2 Fighting
 + Level 8.3 Polearms
 - Level 4.0 Dodging
 - Level 2.1 Stealth


You had 4 spell levels left.
You didn't know any spells.
Your spell library was empty.

Dungeon Overview and Level Annotations

Branches:
Dungeon (3/15)

Altars:


Message History

You hit the orc wizard.
The orc wizard is moderately wounded.
The orc wizard hits you but does no damage.
You barely miss the orc wizard.
The orc wizard is moderately wounded.
You closely miss the orc wizard.
The orc wizard is moderately wounded.
The orc wizard misses you.
You hit the orc wizard.
The orc wizard is severely wounded.
The orc wizard hits you but does no damage.
You closely miss the orc wizard.
The orc wizard is severely wounded.
The orc wizard looks satisfied for a moment.
You barely miss the orc wizard.
The orc wizard is severely wounded.
You hit the orc wizard.
The orc wizard is severely wounded.
The orc wizard hits you with a +0 dagger.
You die...

.....รท.## #
....#.### .#
.....[..###.###
........).....#
..........###.#
..........# #.#
#.#.......###.#
#.............######
#..#..)..##...))@o.#
.........#########.#
##.#.....# #.# #
#.#.....# #.##.# #
###.#.# #o...# ..>.#
#.#### .#.#.# #o#
..... .......o#
###...#.#


You could see an orc wizard.

Vanquished Creatures
  An orc priest (D:3)
  An orc wizard (D:3)
  An adder (D:3)
  2 worms (D:2)
  2 dart slugs
  2 leopard geckos
  8 orcs (D:3)
  2 bats
  A giant cockroach (D:3)
  8 goblins
  A hobgoblin (D:1)
  3 jackals (D:1)
  8 kobolds
  A ball python (D:3)
  6 frilled lizards
  5 rats
52 creatures vanquished.

Notes
Turn   | Place    | Note
-------+----------+-------------------------------------------
     0 | D:1      | mopl the Merfolk Monk began the quest for the Orb.
     0 | D:1      | Reached XP level 1. HP: 18/18 MP: 1/1
   146 | D:1      | Reached skill level 5 in Polearms
   164 | D:1      | Reached XP level 2. HP: 20/24 MP: 2/2
   569 | D:1      | Reached skill level 6 in Polearms
   569 | D:1      | Reached XP level 3. HP: 15/29 MP: 3/3
  1644 | D:3      | Reached XP level 4. HP: 32/35 MP: 4/4
  1646 | D:3      | Reached skill level 7 in Polearms
  2090 | D:3      | Reached skill level 8 in Polearms
  2090 | D:3      | Reached XP level 5. HP: 15/41 MP: 5/5
  2095 | D:3      | HP: 2/41 [orc wizard/+0 dagger (1)]
  2102 | D:3      | Slain by an orc wizard

Levels and vault maps discovered:
D:1:      evilmike_arrival_home_sweet_home, layout_loops_corners
D:2:      layout_rooms
D:3:      layout_loops_ring, grunt_temple_overflow_order_and_chaos_1, uniq_robin

Skill      XL: |  1  2  3  4 |
---------------+-------------+-----
Polearms       | 5 6 8 |  8.3
Fighting       | |  3.2
Dodging        | |  4.0
Stealth        | |  2.1

Action                   |  1- 3 |  4- 6 || total
-------------------------+-------+-------++-------
Melee: Spear             |   165 |    71 ||   236
  Use: Scroll            |       |     4 ||     4
 Stab: Sleeping          |     8 |     1 ||     9
  Eat: Chunk             |     2 |     2 ||     4
Armor: Robe              |     7 |     2 ||     9
Dodge: Dodged            |    71 |    18 ||    89

Table legend:
 A = Non-vault XP
 B = Vault XP
 C = Vault XP percentage of total XP
 D = Non-vault monster count
 E = Vault monster count
 F = Vault count percentage of total count
                 A         B        C        D         E       F
            +---------+---------+-------+---------+---------+-------
      Total |     194 |       0 |   0.0 |      52 |       0 |   0.0
            +---------+---------+-------+---------+---------+-------
        D:1 |      41 |       0 |   0.0 |      24 |       0 |   0.0
        D:2 |      24 |       0 |   0.0 |      10 |       0 |   0.0
        D:3 |     129 |       0 |   0.0 |      18 |       0 |   0.0
            +---------+---------+-------+---------+---------+-------
